 Dungeon Crawl Stone Soup version 0.28.0-53-g5a82cb258f (webtiles) character file.

Game seed: 820350884805602890

3406 H0rd4k the Basher (level 10, -1/77 HPs)
             Began as a Human Artificer on July 28, 2022.
             Was an Initiate of Gozag.
             Engulfed by a cloud of steam (16 damage)
             ... on level 7 of the Dungeon.
             The game lasted 00:10:38 (11838 turns).

H0rd4k the Basher (Human Artificer)                Turns: 11838, Time: 00:10:38

Health: -1/77      AC: 13    Str: 12    XL:     10   Next: 24%
Magic:  16/16      EV: 15    Int: 16    God:    Gozag
Gold:   761        SH:  0    Dex: 17    Spells: 17/17 levels left

rFire   x . .      SeeInvis .   n - +2 flail (protect)
rCold   + . .      Faith    .   (no shield)
rNeg    . . .      Spirit   .   b - +0 leather armour
rPois   .          Reflect  .   (no helmet)
rElec   .          Harm     .   (no cloak)
rCorr   .          Rampage  .   C - +2 pair of gloves {Dex+3}
Will    .....                   (no boots)
Stlth   ++........              (no amulet)
HPRegen 0.22/turn               z - ring of ice
MPRegen 0.15/turn               (no ring)

@: gold aura, under a protective aura
A: no striking features
a: Renounce Religion, Potion Petition, Call Merchant, Bribe Branch


You were on level 7 of the Dungeon.
You worshipped Gozag.
Gozag was pleased with you.
You visited 2 branches of the dungeon, and saw 9 of its levels.
You also visited: Sewer.

You collected 873 gold pieces.
You paid 112 gold pieces to Gozag.

Inventory:

Hand Weapons
 a - a +0 club
 n - a +2 flail of protection (weapon)
 q - a +0 spear of venom
 x - a +2 vorpal flail
Missiles
 B - 10 poisoned darts
Armour
 b - a +0 leather armour (worn)
 C - a +2 pair of gloves of dexterity (worn)
Jewellery
 z - a ring of ice (left hand)
 I - a ring of positive energy
Wands
 d - a wand of charming (4)
 E - a wand of acid (4)
 G - a wand of iceblast (10)
 H - a wand of digging (4)
Scrolls
 c - 3 scrolls of vulnerability {unknown}
 g - 6 scrolls of teleportation {unknown}
 h - a scroll of fog {unknown}
 j - 3 scrolls of noise {unknown}
 l - 8 scrolls of identify {unknown}
 o - 5 scrolls of enchant armour {unknown}
 p - 2 scrolls of fear {unknown}
 w - a scroll of silence {unknown}
 y - 3 scrolls of amnesia {unknown}
 A - a scroll of brand weapon {unknown}
 D - 3 scrolls of magic mapping {unknown}
 F - a scroll of blinking {unknown}
Potions
 f - 3 potions of curing
 i - a potion of invisibility {unknown}
 k - a potion of magic
 m - 2 potions of lignification {unknown}
 r - 2 potions of cancellation {unknown}
 s - 2 potions of haste
 t - a potion of berserk rage {unknown}
 u - 5 potions of flight {unknown}
 v - 2 potions of mutation {unknown}
Miscellaneous
 e - a piece from Xom's chessboard (15/15)


   Skills:
 + Level 6.8 Fighting
 - Level 8.0 Maces & Flails
 - Level 2.0 Armour
 + Level 6.7 Dodging
 - Level 1.0 Stealth
 * Level 4.1 Spellcasting
 + Level 4.8 Evocations


You had 17 spell levels left.
You didn't know any spells.
Your spell library contained the following spells:

 Spells                   Type           Power      Damage    Failure   Level
 Freeze                   Ice            16%        1d4       22%         1
 Ensorcelled Hibernation  Hex/Ice        8%         N/A       32%         2
 Passwall                 Tmut/Erth      2%         N/A       32%         2
 Frozen Ramparts          Ice            8%         1d2       54%         3
 Swiftness                Air            3%         N/A       54%         3
 Fulminant Prism          Conj/Hex       1%         3d6       91%         4
 Hailstorm                Conj/Ice       4%         3d4       91%         4
 Iskenderun's Mystic Bla  Conj/Tloc      3%         2d3       91%         4
 Lee's Rapid Deconstruct  Erth           1%         3d5*      99%         5


Dungeon Overview and Level Annotations

Branches:
Dungeon (8/15)             Temple (1/1) D:6           Sewer (visited)
   Lair: D:8-11

Altars:
Ashenzari
Cheibriados
Dithmenos
Gozag
Hepliaklqana
Makhleb
Nemelex Xobeh
Okawaru
Qazlal
Ru
Sif Muna
Trog
Uskayaw
Vehumet
Wu Jian
Xom
Yredelemnul
Zin
The Shining One

Annotations:
D:5 exclusion: ogre
D:6 exclusion: downstairs
D:8 2 transporters, Psyche; duchin's ghost, novice TrFi


Message History

The steam dragon is heavily wounded.
You are engulfed in a cloud of scalding steam.
The steam dragon bites you but does no damage.
The steam dragon barely misses you.
You hit the steam dragon but do no damage.
The steam dragon is heavily wounded.
You are engulfed in a cloud of scalding steam.
The steam dragon barely misses you. The steam dragon misses you.
You hit the steam dragon but do no damage.
The steam dragon is heavily wounded.
The steam dragon closely misses you.
The steam dragon claws you but does no damage.
You sock the steam dragon!
The steam dragon is severely wounded.
The steam dragon barely misses you. The steam dragon closely misses you.
You closely miss the steam dragon.
The steam dragon is severely wounded.
The steam dragon breathes steam at you. The ball of steam misses you.
You hit the steam dragon but do no damage.
The steam dragon is severely wounded.
You are engulfed in a cloud of scalding steam.
The steam dragon barely misses you.
The steam dragon claws you but does no damage.
You barely miss the steam dragon.
The steam dragon is severely wounded.
The steam dragon breathes steam at you. The ball of steam misses you.
You sock the steam dragon!
The steam dragon is almost dead.
You are engulfed in a cloud of scalding steam.
* * * LOW HITPOINT WARNING * * *
The steam dragon bites you.
* * * LOW HITPOINT WARNING * * *
The steam dragon claws you but does no damage.
You hit the steam dragon.
You kill the steam dragon!
You are engulfed in a cloud of scalding steam.
You die...
Your body crumbles into a pile of gold.

###..##..##### #.........
#..#..###..# #....>...
#......##..## #........
#...........# ≈#........
#..........####.≈#........
##.........##....≈#........
#..........#....≈##........
#..........$$.⌠.≈#..##.....
##........@#...≈≈#.####...>
###..$..§.##.≈≈#### #..##
#....)...##### #.###
#.(###....# .. ....#
#..#.## ....# ....#.# ..##
#.....># .. #......##
##......


There were no monsters in sight!

Vanquished Creatures
  A wyvern (D:8)
  4 steam dragons (D:7)
  3 water moccasins
  An orc warrior (D:8)
  4 ice beasts
  2 sky beasts
  An ogre (D:6)
  A black bear (D:5)
  2 necrophages (D:5)
  2 centaurs
  A phantom (D:6)
  A bullfrog (D:7)
  A wyvern zombie (D:6)
  3 scorpions
  A water moccasin skeleton (D:6)
  A centaur zombie (D:3)
  3 hounds
  A jelly (D:5)
  2 orc priests
  A centaur skeleton (D:7)
  Jessica (D:3)
  A bullfrog skeleton (D:6)
  3 iguanas
  5 orc wizards
  A hound skeleton (D:4)
  A howler monkey skeleton (D:7)
  8 adders
  11 gnolls
  2 white imps
  An ufetubus (D:5)
  A worm (D:4)
  2 dart slugs
  26 orcs
  4 endoplasms
  4 giant cockroaches
  6 goblins
  7 hobgoblins
  6 jackals (D:1)
  2 quokkas
  9 ball pythons
  2 bats
  13 frilled lizards
  4 kobolds
  5 rats
161 creatures vanquished.

Vanquished Creatures (collateral kills)
  An ogre (D:4)
  A hound (D:4)
  A gnoll (D:3)
  4 orcs (D:4)
7 creatures vanquished.

Vanquished Creatures (others)
  An orc wizard (D:7)
  A gnoll (D:3)
  An adder (D:4)
  An orc (D:7)
  2 hobgoblins
  3 quokkas
9 creatures vanquished.

Grand Total: 177 creatures vanquished

Notes
Turn   | Place    | Note
-------+----------+-------------------------------------------
     0 | D:1      | H0rd4k the Human Artificer began the quest for the Orb.
     0 | D:1      | Reached XP level 1. HP: 15/15 MP: 1/1
    10 | D:1      | Noticed an electric eel
   162 | D:1      | Reached XP level 2. HP: 7/21 MP: 2/2
   474 | D:1      | Found a faded altar of an unknown god.
  1103 | D:1      | Reached XP level 3. HP: 26/26 MP: 3/3
  1743 | D:1      | Reached skill level 1 in Maces & Flails
  2422 | D:2      | Reached XP level 4. HP: 27/32 MP: 4/4
  2984 | D:3      | Reached XP level 5. HP: 31/38 MP: 5/5
  3000 | D:3      | Reached skill level 2 in Maces & Flails
  3148 | D:3      | Noticed Jessica
  3152 | D:3      | Killed Jessica
  4314 | D:4      | Noticed a water moccasin
  4331 | D:4      | Reached XP level 6. HP: 39/44 MP: 6/6
  4382 | D:4      | Noticed an ogre
  4411 | D:4      | Killed an ogre
  4412 | D:4      | Reached skill level 3 in Maces & Flails
  4453 | D:4      | Found a glowing drain.
  4533 | Sewer    | Entered a sewer
  5608 | D:4      | Killed a water moccasin
  5609 | D:4      | Reached XP level 7. HP: 46/52 MP: 7/7
  5885 | D:4      | Reached skill level 4 in Maces & Flails
  6510 | D:5      | Entered Level 5 of the Dungeon
  6562 | D:5      | Reached skill level 5 in Maces & Flails
  6562 | D:5      | Reached XP level 8. HP: 48/59 MP: 8/8
  7244 | D:5      | Reached skill level 6 in Maces & Flails
  7981 | D:5      | Reached skill level 1 in Spellcasting
  8350 | D:6      | Found a staircase to the Ecumenical Temple.
  8360 | Temple   | Entered the Ecumenical Temple
  8458 | Temple   | Became a worshipper of Gozag Ym Sagoz the Greedy
  8501 | D:6      | Reached XP level 9. HP: 42/66 MP: 10/10
  8883 | D:6      | Reached skill level 7 in Maces & Flails
  9196 | D:6      | Reached skill level 5 in Dodging
  9673 | D:7      | Reached skill level 8 in Maces & Flails
  9714 | D:7      | Reached skill level 5 in Fighting
 10092 | D:7      | You fall into a shaft and drop 1 floor!
 10377 | D:8      | Found a transporter.
 10429 | D:8      | Noticed Psyche
 10475 | D:8      | Found a transporter.
 10499 | D:8      | Found a bloodstained altar of Trog.
 10501 | D:8      | Noticed duchin's ghost (novice TrFi)
 10512 | D:8      | Noticed a moth of wrath
 10825 | D:8      | Reached XP level 10. HP: 6/76 MP: 15/15
 10825 | D:8      | HP: 3/76 [poisoned by a water moccasin]
 11838 | D:7      | Engulfed by a cloud of steam

Illustrated notes

Levels and vault maps discovered:
D:1:      arrival_aquarium_a, layout_basic, hellmonk_ecumenical_altar_crossroads
D:2:      layout_rooms, hangedman_decor_points
D:3:      layout_basic, uniq_jessica
D:4:      layout_loops_ring, portal_sewer_entry_a
D:5:      layout_basic
D:6:      layout_rooms, minmay_temple_entry_large_hall, serial_corexii_hall,
          chequers_hall_statues_wall_a, chequers_hall_statues_y,
          corexii_hall_statues_u, corexii_hall_statues_i
D:7:      cheibrodos_steamvent, layout_cave_pools, elyvilon_altar_4,
          minmay_misc_feat_iff, minmay_misc_feat_cross
D:8:      layout_basic, gammafunk_ghost_wrathful_warriors,
          kennysheep_minor_cross, uniq_harold, uniq_psyche
Temple:   hc_temple_tempest_star

Skill      XL: |  1  2  3  4  5  6  7  8  9 10 |
---------------+-------------------------------+-----
Maces & Flails | 1 2 3 5 6 8 |  8.0
Evocations     | 4 |  4.8
Dodging        | 2 3 4 6 |  6.7
Fighting       | 2 3 4 5 6 |  6.8
Spellcasting   | 1 3 4 |  4.1
Armour         | |  2.0
Stealth        | |  1.0

Action                   |  1- 3 |  4- 6 |  7- 9 | 10-12 || total
-------------------------+-------+-------+-------+-------++-------
Melee: Club              |   121 |   135 |       |       ||   256
       Punch             |       |     4 |    10 |     1 ||    15
       Flail             |       |   103 |   413 |    88 ||   604
Evoke: Wand              |     5 |    20 |     1 |       ||    26
       Piece from Xom's  |       |     3 |     3 |       ||     6
  Use: Potion            |       |       |       |     2 ||     2
 Stab: Sleeping          |     1 |     1 |     1 |       ||     3
       Distracted        |       |       |     1 |     2 ||     3
Armor: Leather armour    |    44 |    90 |   170 |    42 ||   346
Dodge: Dodged            |   103 |   199 |   246 |    76 ||   624
